[Event "Team 45 45 League T69"]
[Site "Internet Chess Club"]
[Date "2016.07.17"]
[Round "6"]
[White "deancorso1"]
[Black "Freitac"]
[Result "1/2-1/2"]
[WhiteElo "1970"]
[BlackElo "1961"]
[Opening "Grünfeld: exchange variation"]
[ECO "D85"]
[Time "19:12:18"]
[TimeControl "2700+45"]

1. d4 Nf6 2. c4 g6 3. Nc3 d5 4. cxd5 Nxd5 5. e4 Nxc3 6. bxc3 Bg7 7. Qa4+ Nd7 8.
Nf3 O-O 9. Bg5 c5 10. Rc1 Qc7 11. Bd3 a6 12. Qa3 e5 13. O-O Re8 14. Bc4 Nb6 15.
Bb3 c4 16. Bc2 exd4 17. cxd4 Nd7 18. Qe3 b5 19. Rfe1 Bb7 20. Bh6 Qa5 21. Bxg7
Kxg7 22. a3 Nf6 23. Ne5 Rad8 24. f3 {Game drawn by mutual agreement} 1/2-1/2

[Event "Team 45 45 League T69"]
[Site "Internet Chess Club"]
[Date "2016.07.16"]
[Round "6"]
[White "santiagoelawad"]
[Black "drbishop"]
[Result "1-0"]
[WhiteElo "2007"]
[BlackElo "1791"]
[Opening "Réti: King's Indian attack"]
[ECO "A05"]
[Time "15:16:36"]
[TimeControl "2700+45"]

1. Nf3 Nf6 2. g3 g6 3. Bg2 Bg7 4. O-O O-O 5. c4 e6 6. d4 d5 7. Nc3 c6 8. Bg5 h6
9. Bf4 g5 10. Bc1 Nbd7 11. cxd5 exd5 12. b4 Qe7 13. Qb3 Ne4 14. e3 f5 15. Ne1
Nb6 16. Nd3 Nc4 17. Nxe4 fxe4 18. Nc5 Bf5 19. a4 b6 20. Na6 Bc8 21. b5 Bxa6 22.
bxa6 c5 23. Ba3 Nd2 24. Qxd5+ Qf7 25. Qxf7+ Rxf7 26. Rfd1 Nc4 27. Bxe4 Nxa3 28.
Bxa8 Nc4 29. Bd5 Nd6 30. Rac1 cxd4 31. exd4 Kh7 32. Bxf7 Nxf7 33. Rc7 Nd6 34.
Rxa7 Nf5 35. Rxg7+ {Black resigns} 1-0

[Event "Team 45 45 League T69"]
[Site "Internet Chess Club"]
[Date "2016.07.17"]
[Round "6"]
[White "roji"]
[Black "Portola"]
[Result "1/2-1/2"]
[WhiteElo "1816"]
[BlackElo "1779"]
[Opening "Queen's pawn, Mason variation"]
[ECO "D00"]
[Time "08:08:52"]
[TimeControl "2700+45"]

1. d4 d5 2. Bf4 Nf6 3. e3 c6 4. Bd3 Bg4 5. f3 Bh5 6. Nd2 Bg6 7. Nb3 Nbd7 8. Ne2
e6 9. O-O Be7 10. Ng3 O-O 11. Bxg6 hxg6 12. e4 dxe4 13. fxe4 Qb6 14. e5 Nd5 15.
Kh1 Rad8 16. Bd2 Qc7 17. c4 N5b6 18. Qe2 c5 19. dxc5 Nxc5 20. Bc3 Rd7 21. Nxc5
Bxc5 22. b3 Rfd8 23. Ne4 Nc8 24. Qg4 Be3 25. Rae1 Bh6 26. Qh4 Ne7 27. g4 g5 28.
Qf2 Ng6 29. Qxa7 Qc6 30. Qc5 Rd3 31. Ba5 R8d4 32. Qxc6 bxc6 33. Nd6 Rf4 34. Rg1
Nh4 35. Rd1 Rfd4 36. Rxd3 Rxd3 37. Nc8 Nf3 38. Rg3 Rd1+ 39. Kg2 Nxe5 40. Bc3 Ng6
41. a4 Nf4+ 42. Kf2 Rh1 43. h3 Rh2+ 44. Ke3 Ne2 45. Be5 Nxg3 46. Bxg3 Rb2 47.
Kd4 Rxb3 48. Bd6 Rxh3 49. a5 Rh1 50. a6 Ra1 51. a7 g6 52. Kc5 Bf8 53. Kxc6 Bxd6
54. Kxd6 Ra6+ 55. Kc7 f5 56. Kb7 Ra4 57. a8=Q Rxa8 58. Kxa8 fxg4 59. Ne7+ Kf7
60. Nc6 Kf6 61. Nd4 Ke5 62. Ne2 Kd6 {Game drawn by mutual agreement} 1/2-1/2

[Event "Team 45 45 League T69"]
[Site "Internet Chess Club"]
[Date "2016.07.17"]
[Round "6"]
[White "pokerram"]
[Black "PJ"]
[Result "1-0"]
[WhiteElo "1615"]
[BlackElo "1611"]
[Opening "QGD: classical variation (5.Bf4)"]
[ECO "D37"]
[Time "14:01:52"]
[TimeControl "2700+45"]

1. d4 d5 2. c4 e6 3. Nf3 Nf6 4. Nc3 Be7 5. Bf4 a6 6. e3 O-O 7. Qc2 Bd7 8. Bd3 h6
9. O-O Nc6 10. a3 dxc4 11. Bxc4 b5 12. Bd3 b4 13. Ne4 Nd5 14. Bg3 Qb8 15. Ne5
Nxe5 16. Bxe5 Bd6 17. Bg3 Bxg3 18. hxg3 Bb5 19. Nc5 Bxd3 20. Qxd3 Qb5 21. Qb3
Rfb8 22. a4 Qe8 23. Qd3 b3 24. Nxa6 Rb6 25. e4 Raxa6 26. exd5 exd5 27. Rfe1 Qd7
28. a5 Rb5 29. Re7 Qc6 30. Rxc7 Qxc7 31. Qxb5 Qa7 32. Qxd5 Qb8 33. Qc4 Qb7 34.
Ra3 Qa7 35. Qc8+ Kh7 36. Qf5+ g6 37. Qc5 Qb7 38. Qc4 Qa7 39. d5 Rd6 40. Qxb3 Qd4
41. Ra4 Qd2 42. a6 Rxd5 43. Ra1 Rf5 44. Rf1 Qd7 45. Qa3 Qa7 46. b4 h5 47. Qa4
Rg5 48. Qa3 h4 49. gxh4 Rg4 50. b5 Qa8 51. Qh3 f5 52. Rd1 Qa7 53. h5 Kh6 54.
hxg6+ Kg5 55. Qe3+ {Black resigns} 1-0

[Event "Team 45 45 League T69"]
[Site "Internet Chess Club"]
[Date "2016.07.17"]
[Round "6"]
[White "fishhead"]
[Black "lacibacsi"]
[Result "0-1"]
[WhiteElo "1685"]
[BlackElo "2067"]
[Opening "Caro-Kann: two knights variation"]
[ECO "B10"]
[Time "16:00:42"]
[TimeControl "2700+45"]

1. e4 c6 2. Nf3 d5 3. Nc3 Nf6 4. exd5 cxd5 5. Bb5+ Bd7 6. Qe2 a6 7. Bxd7+ Nbxd7
8. d4 e6 9. O-O Bd6 10. Bg5 O-O 11. Ne5 Qb6 12. Qe3 Nxe5 13. Na4 Qa7 14. Bxf6
Ng4 {White resigns} 0-1

[Event "Team 45 45 League T69"]
[Site "Internet Chess Club"]
[Date "2016.07.17"]
[Round "6"]
[White "Tobiasdelmonte"]
[Black "room-matt"]
[Result "0-1"]
[WhiteElo "1728"]
[BlackElo "1846"]
[Opening "Ruy Lopez: Schliemann defense deferred"]
[ECO "C70"]
[Time "12:35:38"]
[TimeControl "2700+45"]

1. e4 e5 2. Nf3 Nc6 3. Bb5 a6 4. Ba4 f5 5. d3 b5 6. Bb3 b4 7. O-O Nf6 8. Nbd2 d6
9. h3 fxe4 10. dxe4 Be7 11. a3 Rb8 12. Ng5 d5 13. exd5 Nxd5 14. Qf3 Bxg5 15.
Bxd5 Ne7 16. Qf7+ Kd7 17. Nc4 Bxc1 18. Nxe5+ Kd6 19. Nc4+ Kc5 20. axb4+ Rxb4 21.
Ra5+ Rb5 22. b4+ Kxb4 23. c3+ Kc5 24. Be6 Bg5 25. Bxc8 Nxc8 26. Rxa6 Rf8 27. Qe6
Qe8 28. Qg4 Bf6 29. Na3 Nb6 30. Nxb5 Qxb5 31. Qf5+ Nd5 32. Rfa1 g6 33. Qf3 Bg7
34. Qg3 Bxc3 35. R1a2 Re8 36. Qf3 Re1+ 37. Kh2 Be5+ 38. g3 Nb4 39. R6a5 Nxa2 40.
Rxb5+ Kxb5 41. Qd5+ c5 42. Qxa2 Bd4 43. Kg2 Kb6 44. Qf7 Re2 45. Qb3+ Kc7 46. Kf3
Rxf2+ 47. Ke4 Re2+ 48. Kf4 Rf2+ 49. Kg5 Rf5+ 50. Kg4 h5+ {White resigns} 0-1

[Event "Team 45 45 League T69"]
[Site "Internet Chess Club"]
[Date "2016.07.18"]
[Round "6"]
[White "Goli"]
[Black "JPSVI"]
[Result "0-1"]
[WhiteElo "1794"]
[BlackElo "1576"]
[Opening "French: exchange variation"]
[ECO "C01"]
[Time "17:00:51"]
[TimeControl "2700+45"]

1. e4 e6 2. d4 d5 3. exd5 exd5 4. Bd3 Nf6 5. Ne2 c5 6. c3 c4 7. Bc2 Bd6 8. Bg5
O-O 9. O-O Bxh2+ 10. Kh1 Bd6 11. Nd2 h6 12. Bh4 Bg4 13. f3 Bc8 14. g4 g5 15. Bg3
Ne8 16. Kg2 f5 17. gxf5 Ng7 18. Bxd6 Qxd6 19. Ng3 h5 20. Re1 Nc6 21. f4 h4 22.
Nh5 Bxf5 23. Bxf5 Rxf5 24. Nxg7 Kxg7 25. Nf1 Raf8 26. Qg4 Qf6 27. Ne3 Rxf4 28.
Qd7+ Rf7 29. Qxd5 Rf2+ 30. Kg1 Qf4 31. Ng2 Qg3 32. Re3 Rxg2+ 33. Qxg2 Qxe3+ 34.
Kh1 Rf3 {White resigns} 0-1

[Event "Team 45 45 League T69"]
[Site "Internet Chess Club"]
[Date "2016.07.16"]
[Round "6"]
[White "nidusin2"]
[Black "zap2"]
[Result "0-1"]
[WhiteElo "1590"]
[BlackElo "1760"]
[Opening "King's Indian: 6.Be2"]
[ECO "E91"]
[Time "04:35:27"]
[TimeControl "2700+45"]

1. d4 d6 2. Nf3 g6 3. c4 Bg7 4. Nc3 Nf6 5. e4 O-O 6. Be2 Nbd7 7. Be3 e5 8. d5 a5
9. O-O b6 10. Qc2 Nc5 11. Nd2 Ng4 12. Bxg4 Bxg4 13. f3 Bc8 14. Nb5 f5 15. Rad1
f4 16. Bf2 g5 17. Kh1 h5 18. Rfe1 g4 19. Nc3 Bf6 20. b3 Bh4 21. Nf1 gxf3 22.
gxf3 Rf7 23. Qe2 Rg7 24. Na4 Bh3 25. Ng3 fxg3 26. hxg3 Bxg3 27. Bxg3 Rxg3 28.
Qh2 Rxf3 29. Rg1+ Kf8 30. Nxc5 bxc5 31. Rd2 Qf6 32. Qe2 Bg4 {White resigns} 0-1

[Event "Team 45 45 League T69"]
[Site "Internet Chess Club"]
[Date "2016.07.16"]
[Round "6"]
[White "origami77"]
[Black "LarsenB"]
[Result "1-0"]
[WhiteElo "1734"]
[BlackElo "1791"]
[Opening "French: Tarrasch, Leningrad variation"]
[ECO "C06"]
[Time "16:30:31"]
[TimeControl "2700+45"]

1. e4 e6 2. d4 d5 3. Nd2 Nf6 4. e5 Nfd7 5. Bd3 c5 6. c3 Nc6 7. Ne2 cxd4 8. cxd4
Nb6 9. O-O Nb4 10. Bb1 a5 11. a3 Nc6 12. Qb3 a4 13. Qg3 Bd7 14. Bd3 Na5 15. Rb1
g6 16. Nf3 Rc8 17. Bg5 Be7 18. Bh6 Nbc4 19. Bg7 Rg8 20. Bh6 b5 21. Ng5 Bxg5 22.
Bxg5 Qb6 23. Qf4 Qb7 24. Bf6 Bc6 25. Qh6 Kd7 26. Qxh7 Kc7 27. Qxf7+ Kb8 28. Qxe6
Nd2 29. Qd6+ Qc7 30. Qb4 Nxf1 31. Rxf1 Qb6 32. Rd1 {Black resigns} 1-0

[Event "Team 45 45 League T69"]
[Site "Internet Chess Club"]
[Date "2016.07.18"]
[Round "6"]
[White "backrankbrawler"]
[Black "qingjoshua"]
[Result "1-0"]
[WhiteElo "1768"]
[BlackElo "1667"]
[Opening "Grünfeld: exchange, Spassky variation"]
[ECO "D87"]
[Time "22:00:35"]
[TimeControl "2700+45"]

1. d4 Nf6 2. c4 g6 3. Nc3 d5 4. cxd5 Nxd5 5. e4 Nxc3 6. bxc3 Bg7 7. Bc4 c5 8.
Ne2 O-O 9. O-O Qc7 10. Bf4 e5 11. dxe5 Bxe5 12. Bxe5 Qxe5 13. Bd5 Qc7 14. Qb3
Nc6 15. f4 Na5 16. Qc2 Kg7 17. c4 f6 18. Qc3 Nc6 19. h3 Bd7 20. Rab1 Rab8 21. a3
h6 22. g4 Kh7 23. Qe3 b6 24. Nc3 Nd4 25. Ne2 Nxe2+ 26. Qxe2 Rbe8 27. Qc2 Kg7 28.
a4 a5 29. Qb2 Rb8 30. Ra1 Rbe8 31. Ra3 Rb8 32. Qa1 Kh7 33. Raf3 g5 34. fxg5 fxg5
35. Rf7+ {Black resigns} 1-0

[Event "Team 45 45 League T69"]
[Site "Internet Chess Club"]
[Date "2016.07.14"]
[Round "6"]
[White "AH2012"]
[Black "OzymandiasVII"]
[Result "0-1"]
[WhiteElo "1620"]
[BlackElo "1745"]
[Opening "French: Tarrasch"]
[ECO "C03"]
[Time "13:39:27"]
[TimeControl "2700+45"]

1. e4 e6 2. d4 d5 3. Nd2 Ne7 4. Bd3 Ng6 5. Ne2 c5 6. c3 cxd4 7. cxd4 dxe4 8.
Nxe4 Bb4+ 9. Bd2 Bxd2+ 10. Nxd2 O-O 11. O-O Nc6 12. Nb3 e5 13. Bc4 Qg5 14. Ng3
Bg4 15. f3 Bf5 16. d5 Nb4 17. d6 h5 18. Nxf5 Qxf5 19. Qd2 Nc6 20. d7 Rad8 21.
Nc5 b6 22. Nb7 Rxd7 23. Nd6 Qf6 24. Rad1 Nd4 25. Ne4 Qc6 26. Bb3 Nxf3+ 27. gxf3
Rxd2 28. Rxd2 Nf4 29. Rd6 Qb5 30. Nc3 Qc5+ {White resigns} 0-1

[Event "Team 45 45 League T69"]
[Site "Internet Chess Club"]
[Date "2016.07.16"]
[Round "6"]
[White "gaucholoco"]
[Black "jt2000"]
[Result "0-1"]
[WhiteElo "1973"]
[BlackElo "2055"]
[Opening "Sicilian: Najdorf, Zagreb (fianchetto) variation"]
[ECO "B91"]
[Time "14:08:26"]
[TimeControl "2700+45"]

1. e4 c5 2. Nf3 d6 3. Nc3 Nf6 4. d4 cxd4 5. Nxd4 a6 6. g3 e5 7. Nb3 Be7 8. a4
O-O 9. Bg2 Bg4 10. Qd3 Nc6 11. h3 Nb4 12. Qd2 Be6 13. O-O Qc7 14. a5 Rfd8 15.
Nd5 Bxd5 16. Qxb4 Bc4 17. Re1 d5 18. Qb6 Qxb6 19. axb6 Bxb3 20. cxb3 Nxe4 21.
Be3 f5 22. Rac1 Bb4 23. Red1 d4 24. Bxe4 fxe4 25. Bg5 Rd6 26. Rc7 Rxb6 27. Be7
d3 28. f3 Ba5 29. b4 Rxb4 30. Bxb4 Bxc7 31. fxe4 Rd8 32. Bc3 Kf7 33. Kf2 Bb6+
34. Ke1 Ke6 35. Rd2 Be3 36. Rg2 Rc8 37. g4 Bf4 38. h4 Rc4 39. g5 Rxe4+ 40. Kd1
Ra4 41. b3 Ra3 42. g6 h5 43. Rf2 Rxb3 44. Rxf4 exf4 45. Kd2 Rxc3 {White resigns}
0-1

[Event "Team 45 45 League T69"]
[Site "Internet Chess Club"]
[Date "2016.07.17"]
[Round "6"]
[White "Capt-Morgan"]
[Black "ArturitoGalacti"]
[Result "0-1"]
[WhiteElo "1903"]
[BlackElo "1903"]
[Opening "Nimzo-Indian: classical, 4...c5"]
[ECO "E38"]
[Time "17:01:15"]
[TimeControl "2700+45"]

1. d4 e6 2. c4 Nf6 3. Nc3 Bb4 4. Qc2 c5 5. dxc5 Na6 6. Bd2 Nxc5 7. e3 a5 8. Nge2
d5 9. a3 Bxc3 10. Nxc3 b6 11. cxd5 O-O 12. Be2 exd5 13. O-O Ba6 14. Nb5 Rc8 15.
Bc3 Nce4 16. Rfd1 Bxb5 17. Bxb5 Nxc3 18. bxc3 Rc5 19. a4 Qc7 20. Rac1 Rc8 21. c4
dxc4 22. Qc3 h6 23. h3 Nd5 24. Qd4 c3 25. Qg4 c2 26. Rd2 Nb4 {White resigns} 0-1

[Event "Team 45 45 League T69"]
[Site "Internet Chess Club"]
[Date "2016.07.18"]
[Round "6"]
[White "NashGames"]
[Black "LiangLiang"]
[Result "1-0"]
[WhiteElo "2053"]
[BlackElo "1853"]
[Opening "Sicilian: Najdorf, Lipnitzky attack"]
[ECO "B86"]
[Time "12:01:20"]
[TimeControl "2700+45"]

1. e4 c5 2. Ne2 d6 3. Nbc3 Nf6 4. d4 cxd4 5. Nxd4 a6 6. Bc4 e6 7. Be3 Be7 8. f4
Qc7 9. Bb3 b5 10. f5 e5 11. Nde2 Bb7 12. O-O Nbd7 13. a4 Nxe4 14. Nxe4 Bxe4 15.
Nc3 Bb7 16. axb5 axb5 17. Nd5 Qd8 18. Qd3 Bxd5 19. Bxd5 Rxa1 20. Rxa1 O-O 21.
Ra8 Qc7 22. Ra7 Qc8 23. Qxb5 Rd8 24. c4 Kf8 25. Bb7 Qb8 26. Qc6 Bg5 27. Bf2 e4
28. Ra8 Ne5 29. Qa6 Qc7 30. Bb6 Qd7 31. Bxd8 Bxd8 32. Bxe4 Qc7 33. b3 Qc5+ 34.
Kf1 Ng4 35. Qa7 Nxh2+ 36. Ke2 Qxa7 37. Rxa7 Ng4 38. b4 Bb6 39. Ra6 Bc7 40. b5
Nf6 41. Bc6 {Black resigns} 1-0

[Event "Team 45 45 League T69"]
[Site "Internet Chess Club"]
[Date "2016.07.16"]
[Round "6"]
[White "Jack-ONeill"]
[Black "hood"]
[Result "1-0"]
[WhiteElo "2059"]
[BlackElo "1945"]
[Opening "King's Indian: fianchetto, classical variation, 8.e4"]
[ECO "E68"]
[Time "14:14:14"]
[TimeControl "2700+45"]

1. d4 Nf6 2. Nf3 g6 3. g3 Bg7 4. Bg2 O-O 5. O-O d6 6. c4 Nbd7 7. Nc3 e5 8. e4 b6
9. h3 Bb7 10. d5 a5 11. Be3 Nc5 12. Qc2 Nfd7 13. g4 a4 14. b4 axb3 15. axb3 Na6
16. Na2 Qe7 17. b4 Ra7 18. Qb3 Rfa8 19. Nc3 Nac5 20. bxc5 Rxa1 21. c6 Bxc6 22.
dxc6 Nb8 23. Bg5 Qe8 24. Nd5 R8a3 25. Qc2 h6 26. Bxh6 Qd8 27. Bxg7 Kxg7 28. Nb4
Qe8 29. Nd2 Nxc6 30. Qb2 Rxf1+ 31. Nxf1 Ra4 32. Nxc6 Qxc6 33. Ne3 Qc5 34. g5 Rb4
35. Qe2 b5 36. cxb5 Qc1+ 37. Kh2 Rb2 38. Qf3 Qd2 39. Nc4 Qxf2 40. Nxb2 Qxb2 41.
Qf6+ Kg8 42. Qd8+ Kg7 43. Qxc7 Qxb5 44. Qxd6 Qb2 45. Qd3 Qf2 46. Qg3 Qd4 47. Qf3
Qb2 48. h4 Qd4 49. Kg3 Qa1 50. h5 gxh5 51. Kh4 Qa6 52. Qf6+ Qxf6 53. gxf6+ Kg6
54. Bf3 Kxf6 55. Kxh5 Kg7 56. Bg4 Kh7 57. Kg5 Kg7 58. Kf5 f6 59. Bh5 Kh6 60. Bd1
Kg7 61. Bb3 Kh6 62. Kxf6 Kh5 63. Kxe5 Kh6 64. Kf6 Kh5 65. e5 Kh6 66. e6 Kh5 67.
e7 Kg4 68. e8=Q Kf4 69. Qe5+ Kf3 70. Bd5+ Kg4 71. Qg5+ Kh3 72. Be4 Kh2 73. Qg2#
{Black checkmated} 1-0

[Event "Team 45 45 League T69"]
[Site "Internet Chess Club"]
[Date "2016.07.18"]
[Round "6"]
[White "dp15"]
[Black "Ptzz"]
[Result "1-0"]
[WhiteElo "2047"]
[BlackElo "1981"]
[Opening "Caro-Kann: classical, Spassky variation"]
[ECO "B19"]
[Time "11:00:14"]
[TimeControl "2700+45"]

1. e4 c6 2. d4 d5 3. Nc3 dxe4 4. Nxe4 Bf5 5. Ng3 Bg6 6. h4 h6 7. Nf3 Nd7 8. h5
Bh7 9. Bd3 Bxd3 10. Qxd3 e6 11. Bd2 Ngf6 12. O-O-O Be7 13. Ne4 Nxe4 14. Qxe4 Nf6
15. Qe2 Qd5 16. c4 Qe4 17. Qxe4 Nxe4 18. Be3 f5 19. Kc2 f4 20. Kd3 Nc5+ 21. dxc5
fxe3 22. fxe3 Bxc5 23. Ke4 Ke7 24. Ne5 Rhd8 25. Rdf1 Rd2 26. Rf7+ Ke8 27. Rxg7
Re2 28. Rg8+ Ke7 29. Rxa8 Rxe3+ 30. Kf4 Bd4 31. Rd1 c5 32. Nf3 e5+ 33. Kf5 Re2
34. Nxd4 cxd4 35. Rxa7 Kd6 36. Rxb7 Rf2+ 37. Ke4 Rxg2 38. Rb6+ Kc5 39. Rb5+ Kxc4
40. Rxe5 Re2+ 41. Kf5 Rxb2 42. Re4 {Black resigns} 1-0

[Event "Team 45 45 League T69"]
[Site "Internet Chess Club"]
[Date "2016.07.17"]
[Round "6"]
[White "Holgate"]
[Black "joebobpop"]
[Result "0-1"]
[WhiteElo "1952"]
[BlackElo "1979"]
[Opening "Ruy Lopez: 5.O-O"]
[ECO "C78"]
[Time "14:01:28"]
[TimeControl "2700+45"]

1. e4 e5 2. Nf3 Nc6 3. Bb5 a6 4. Ba4 Nf6 5. O-O b5 6. Bb3 Bc5 7. c3 d6 8. a4 Rb8
9. d4 Bb6 10. Na3 b4 11. Nc4 bxc3 12. a5 Bxd4 {White resigns} 0-1

[Event "Team 45 45 League T69"]
[Site "Internet Chess Club"]
[Date "2016.07.14"]
[Round "6"]
[White "soccerisfun"]
[Black "Tobiasdelmonte"]
[Result "1-0"]
[WhiteElo "1873"]
[BlackElo "1740"]
[Opening "Boden-Kieseritsky gambit"]
[ECO "C42"]
[Time "23:06:30"]
[TimeControl "2700+45"]

1. e4 e5 2. Nf3 Nf6 3. Bc4 Nxe4 4. Nc3 Nxc3 5. dxc3 c6 6. Nxe5 d5 7. Qe2 Be7 8.
Bd3 Nd7 9. O-O O-O 10. Nxd7 Bxd7 11. c4 dxc4 12. Bxc4 Bf6 13. c3 Re8 14. Be3 Bf5
15. Qf3 Bg6 16. Rad1 Qa5 17. Rd7 b5 18. Bb3 Rac8 19. Rxa7 Qd8 20. Rd1 Be4 21.
Rxd8 Bxf3 22. Bxf7+ Kf8 23. Bc5+ Be7 24. Rxc8 Kxf7 25. Rxe8 {Black resigns} 1-0

[Event "Team 45 45 League T69"]
[Site "Internet Chess Club"]
[Date "2016.07.14"]
[Round "6"]
[White "EndgamesMaster"]
[Black "swagnik"]
[Result "1/2-1/2"]
[WhiteElo "2276"]
[BlackElo "1917"]
[Opening "Sicilian: accelerated fianchetto, modern variation with Bc4"]
[ECO "B35"]
[Time "16:00:47"]
[TimeControl "2700+45"]

1. e4 g6 2. d4 Bg7 3. Nc3 c5 4. Nf3 cxd4 5. Nxd4 Nc6 6. Be3 Nf6 7. Bc4 O-O 8.
Bb3 d6 9. f3 Nxd4 10. Bxd4 b6 11. Nd5 e6 12. Nxf6+ Bxf6 13. O-O Bb7 14. c3 Bxd4+
15. Qxd4 Qe7 16. Rad1 Rfd8 17. Qb4 Qc7 18. Rd4 Rd7 19. Rfd1 Rad8 20. Qb5 Bc6 21.
Qg5 Kg7 22. h4 h6 23. Qg3 Bb5 24. h5 g5 25. f4 Qc5 26. fxg5 hxg5 27. Qg4 Rh8 28.
a4 Bc6 29. Rf1 Qe5 30. Bd5 Rc7 31. Rc4 exd5 32. Rf5 Qxf5 33. Qxf5 dxc4 34. Qxg5+
Kh7 35. Qf5+ Kh6 {Game drawn by mutual agreement} 1/2-1/2

[Event "Team 45 45 League T69"]
[Site "Internet Chess Club"]
[Date "2016.07.16"]
[Round "6"]
[White "SlimeDog2"]
[Black "jorobo"]
[Result "1-0"]
[WhiteElo "2085"]
[BlackElo "2006"]
[Opening "QGD: 4.Nf3"]
[ECO "D37"]
[Time "23:06:40"]
[TimeControl "2700+45"]

1. d4 e6 2. c4 Nf6 3. Nf3 d5 4. Nc3 dxc4 5. e4 Bb4 6. Bg5 c5 7. e5 cxd4 8. Nxd4
Bxc3+ 9. bxc3 Qa5 10. exf6 Qxg5 11. fxg7 Qxg7 12. Qd2 Nd7 13. Bxc4 Qxg2 14.
O-O-O a6 15. Bxe6 fxe6 16. Nxe6 Qc6 17. Qe3 Kf7 18. Ng5+ Kg6 19. Rhg1 Nf6 20.
Ne6+ Kf7 21. Rg7+ Ke8 22. Rd8# {Black checkmated} 1-0

[Event "Team 45 45 League T69"]
[Site "Internet Chess Club"]
[Date "2016.07.16"]
[Round "6"]
[White "Percival"]
[Black "JefferyChess"]
[Result "1-0"]
[WhiteElo "2084"]
[BlackElo "1944"]
[Opening "Dutch defense"]
[ECO "A84"]
[Time "20:00:15"]
[TimeControl "2700+45"]

1. d4 f5 2. c4 e6 3. g3 c6 4. Bg2 d5 5. Nh3 Nf6 6. O-O Bd6 7. Bf4 O-O 8. Nc3 b6
9. Qb3 Ba6 10. cxd5 exd5 11. Nxd5 Rf7 12. Ng5 cxd5 13. Nxf7 Kxf7 14. Bxd5+ Nxd5
15. Qxd5+ {Black resigns} 1-0

[Event "Team 45 45 League T69"]
[Site "Internet Chess Club"]
[Date "2016.07.17"]
[Round "6"]
[White "Gilligan"]
[Black "nurmi"]
[Result "0-1"]
[WhiteElo "1953"]
[BlackElo "2094"]
[Opening "English: Sicilian reversed"]
[ECO "A25"]
[Time "23:00:23"]
[TimeControl "2700+45"]

1. c4 e5 2. Nc3 Nc6 3. g3 Nf6 4. Bg2 Bc5 5. Nf3 a6 6. O-O O-O 7. d3 h6 8. a3 Ba7
9. b4 d6 10. Bb2 Be6 11. Rc1 Rb8 12. e3 Nh7 13. Nd5 f5 14. Nd2 Ne7 15. Nxe7+
Qxe7 16. Nb3 Qf7 17. Na5 f4 18. exf4 exf4 19. gxf4 Qxf4 20. Qe1 Rbe8 21. Qc3 Rf6
22. d4 Ng5 23. Rce1 Ref8 24. Bc1 Qg4 25. Qg3 Nh3+ 26. Bxh3 Qxh3 27. Be3 Qh5
{White resigns} 0-1

[Event "Team 45 45 League T69"]
[Site "Internet Chess Club"]
[Date "2016.07.18"]
[Round "6"]
[White "Atrophied"]
[Black "TheRailgun"]
[Result "0-1"]
[WhiteElo "1558"]
[BlackElo "1902"]
[Opening "Sicilian: Grand Prix attack"]
[ECO "B23"]
[Time "20:09:19"]
[TimeControl "2700+45"]

1. e4 c5 2. Nc3 Nc6 3. f4 e6 4. Nf3 Nge7 5. Bb5 a6 6. Bxc6 Nxc6 7. O-O Be7 8. d3
O-O 9. a4 d5 10. Qe1 Nb4 11. Qf2 d4 12. Nb1 Bd7 13. b3 b5 14. axb5 axb5 15. Rxa8
Qxa8 16. Ba3 Nc6 17. g4 b4 18. Bc1 Qa2 19. Nbd2 Qxc2 20. Ne1 Qxc1 21. h4 Bxh4
22. Qxh4 Qxd2 23. Rf3 h6 24. g5 h5 25. Ng2 g6 26. f5 Ne5 27. Rf2 Qxd3 28. Qf4
Ng4 29. Rf3 Qb1+ 30. Rf1 Qxb3 31. fxg6 Qh3 32. gxf7+ Kg7 33. Rf3 Qh2+ 34. Qxh2
Nxh2 35. Kxh2 Rxf7 36. Nf4 h4 37. g6 Rf8 38. Nh5+ Kxg6 39. Rxf8 Kxh5 40. Rd8 Ba4
41. Rc8 d3 42. Rxc5+ Kg4 43. e5 d2 44. Rc4+ Kg5 45. Rxb4 d1=Q {White resigns}
0-1

[Event "Team 45 45 League T69"]
[Site "Internet Chess Club"]
[Date "2016.07.14"]
[Round "6"]
[White "charles-allen"]
[Black "WCourson"]
[Result "1-0"]
[WhiteElo "1867"]
[BlackElo "1625"]
[Opening "Queen's pawn game"]
[ECO "D00"]
[Time "08:34:11"]
[TimeControl "2700+45"]

1. d4 Nf6 2. Nc3 d5 3. Bf4 g6 4. Nf3 Bg7 5. Qd2 b6 6. O-O-O Bb7 7. Bh6 Bxh6 8.
Qxh6 e6 9. Ne5 Qe7 10. e3 a6 11. Be2 Nbd7 12. Nxd7 Nxd7 13. h4 O-O-O 14. g4 f5
15. gxf5 exf5 16. Qf4 Rhf8 17. Rdg1 c5 18. Bxa6 Nf6 19. Bxb7+ Kxb7 20. dxc5 bxc5
21. Rd1 Qe6 22. Qa4 Qb6 23. Qb3 Qxb3 24. axb3 Rfe8 25. Rd3 Kc6 26. Rhd1 Rd7 27.
f3 Re5 28. Kd2 d4 29. exd4 Rxd4 30. Rxd4 cxd4 31. Ne2 Kc5 32. Ke1 Nd5 33. Kf2 f4
34. Nxd4 Ne3 35. Rd2 Kb6 36. c3 g5 37. Ne2 gxh4 38. Nxf4 Nf5 39. Rd5 Rxd5 40.
Nxd5+ Kc5 41. Ne3 Nd6 42. Kg2 Nf7 43. f4 Nd8 44. Kh3 Ne6 45. f5 Nf4+ 46. Kxh4
Kd6 47. Kg5 Nd3 48. Nc4+ Ke7 49. f6+ Ke6 50. b4 h6+ 51. Kg6 h5 52. f7 Nf4+ 53.
Kg7 Kd5 54. Ne3+ Ke4 55. Nf1 {Black resigns} 1-0

[Event "Team 45 45 League T69"]
[Site "Internet Chess Club"]
[Date "2016.07.16"]
[Round "6"]
[White "modiglani"]
[Black "Packerfan"]
[Result "1-0"]
[WhiteElo "1825"]
[BlackElo "1786"]
[Opening "Nimzovich-Larsen attack: modern variation"]
[ECO "A01"]
[Time "10:00:16"]
[TimeControl "2700+45"]

1. b3 e5 2. Bb2 Nc6 3. e3 d5 4. Bb5 Bd6 5. Nf3 Qe7 6. c4 dxc4 7. bxc4 Nf6 8. c5
Bxc5 9. Nxe5 Bd7 10. Nxd7 Qxd7 11. Bxf6 gxf6 12. Qf3 Be7 13. d4 a6 14. Bxc6 Qxc6
15. Qxc6+ bxc6 16. Nd2 Kd7 17. Ke2 Rhg8 18. g3 f5 19. Rab1 Rab8 20. Nc4 Bd6 21.
Kf3 Rb5 22. a4 Rbb8 23. Rhc1 Rgc8 24. Ne5+ Bxe5 25. dxe5 Rb6 26. Kf4 Rcb8 27.
Rxb6 cxb6 28. Kxf5 b5 29. Kf6 Ke8 30. Rxc6 b4 31. Rc1 Kf8 32. a5 b3 33. Rb1 b2
34. f4 Kg8 35. g4 h6 36. h4 Rb7 37. f5 Kf8 38. g5 hxg5 39. hxg5 Kg8 40. e6 fxe6
41. Kxe6 Rb5 42. e4 Rb4 43. e5 Rb5 44. f6 Kh7 45. Kf5 Kg8 46. g6 Kf8 47. Ke6 Rb7
48. Rd1 Rb8 49. g7+ Kg8 50. Rh1 Re8+ 51. Kf5 Kf7 52. Rb1 Rb8 53. e6+ Kg8 54. Kg6
{Black resigns} 1-0

[Event "Team 45 45 League T69"]
[Site "Internet Chess Club"]
[Date "2016.07.17"]
[Round "6"]
[White "Lrn2Mate"]
[Black "volodia80"]
[Result "1-0"]
[WhiteElo "1697"]
[BlackElo "1670"]
[Opening "King's Indian: orthodox, Aronin-Taimanov, bayonet attack"]
[ECO "E97"]
[Time "15:17:06"]
[TimeControl "2700+45"]

1. d4 Nf6 2. c4 g6 3. Nc3 Bg7 4. e4 d6 5. Nf3 O-O 6. Be2 e5 7. O-O Nc6 8. d5 Ne7
9. b4 Nh5 10. Nd2 Nf4 11. Bf3 f5 12. c5 Nd3 13. Ba3 a5 14. cxd6 cxd6 15. bxa5
Nc5 16. Bxc5 dxc5 17. Nc4 fxe4 18. Bxe4 Nf5 19. Na4 Nd6 20. Nxd6 Qxd6 21. Nb6
Rb8 22. Rc1 Rf4 23. Nc4 Qd8 24. d6 Be6 25. Bd5 Qe8 26. Nb6 Rd4 27. d7 Qe7 28.
Bxe6+ Qxe6 29. Qb3 Qxb3 30. axb3 Bf8 31. Rfe1 Bd6 32. Rcd1 Kf7 33. Nc4 Bc7 34.
Rxd4 exd4 35. Ne5+ Bxe5 36. Rxe5 Rd8 37. Rxc5 Rxd7 38. Kf1 Ke6 39. Ke2 Kd6 40.
b4 Rf7 41. f3 Rf4 42. Kd3 h6 43. Rc4 Kd5 44. Rc7 g5 45. Rxb7 g4 46. Rb5+ Kd6 47.
a6 gxf3 48. gxf3 Rxf3+ 49. Kxd4 {Black resigns} 1-0